 Dungeon Crawl Stone Soup version 0.30.0-29-ga12c61a403 (webtiles) character file.

Game seed: 4900961684006714316

211684 qw the Peltast (level 18, -16/83 HPs)
             Began as a Gargoyle Fighter on June 3, 2023.
             Was an Elder of Okawaru.
             Demolished by a rakshasa (illusionary)
             ... wielding a +0 long sword
              (21 damage)
             ... on level 3 of the Abyss.
             The game lasted 00:20:44 (33961 turns).

qw the Peltast (Gargoyle Fighter)                  Turns: 33961, Time: 00:20:45

Health: -16/83     AC: 42    Str: 25 (26) XL:     18   Next: 90%
Magic:  17/17      EV: 14    Int:  6      God:    Okawaru [****..]
Gold:   279        SH: 20    Dex:  5 (7)  Spells: 17/17 levels left

rFire   x x .        Y - +4 broad axe (venom)
rCold   + . .        B - +0 tower shield
rNeg    + . .        I - +6 plate armour {rF+}
rPois   inf          z - +0 helmet of the Thieving Gods {rC+ Str+3 Dex+2}
rElec   +            v - scarf {repulsion}
rCorr   .            A - +2 pair of gloves
SInv    +            k - +2 pair of boots
Will    +....        e - amulet of faith Stlth
                     o - +5 ring of evasion
HPRegen 0.00/turn    p - ring of see invisible
MPRegen 0.15/turn

%: random rage (9%), repel missiles, faith
@: heroic, flying, inhibited regen, hasted, unable to read, unable to drink,
very quick
A: sickness immunity, AC +13, big wings, negative energy resistance 1,
electricity resistance, torment resistance 1, petrification resistance, [berserk
2], [clumsy 2], [deformed body], [deterioration 2], [dopey 2], [frail 3], [low
MP 3], [screaming 2], [inhibited regeneration], ([teleportitis 2]), [weak 2],
[no potion heal 2], [heat vulnerability 3], [subdued magic 3], [inability to
drink after injury 2], [inability to read after injury 2]
}: 1/15 runes: barnacled
a: Renounce Religion, Heroism, Finesse


You were on level 3 of the Abyss.
You worshipped Okawaru.
Okawaru was greatly pleased with you.
You visited 6 branches of the dungeon, and saw 30 of its levels.
You visited the Abyss 1 time.
You also visited: Sewer.

You collected 2601 gold pieces.
You spent 2322 gold pieces at shops.


Innate Abilities, Weirdness & Mutations

You are immune to sickness and miasma.
Your stone body is resilient. (AC +13)
You are immune to poison.
Your large and strong wings let you fly.
You resist negative energy. (rN+)
You are resistant to electric shocks. (rElec)
You are resistant to unholy torment.
You are immune to petrification.
[You have an uncontrollable temper.]
[You are very clumsy. (Dex -4)]
[Armour fits poorly on your strangely shaped body.]
[Your body often deteriorates upon taking damage.]
[You are very dopey. (Int -4)]
[You are extremely frail. (-30% HP)]
[Your magical capacity is extremely low. (-30% MP)]
[You frequently scream uncontrollably at your foes.]
[You do not regenerate when monsters are visible.]
[((You are often teleported next to monsters.))]
[You are very weak. (Str -4)]
[Potions cannot restore your health.]
[You are extremely vulnerable to heat. (rF---)]
[Your spells are much easier to cast, but much less powerful.]
[You sometimes lose the ability to drink potions when taking damage.]
[You sometimes lose the ability to read scrolls when taking damage.]


   Skills:
 - Level 15.0(20.0) Fighting
 - Level 18.0(23.0) Axes
 - Level 8.0(13.0) Throwing
 - Level 14.0(19.0) Armour
 - Level 4.0(9.0) Dodging
 + Level 18.3(23.3) Shields
 - Level 10.0 Invocations


You had 17 spell levels left.
You didn't know any spells.
Your spell library was empty.

Inventory:

Hand Weapons
 Y - a +4 broad axe of venom (weapon)
Missiles
 b - 27 boomerangs
 c - 2 boomerangs of dispersal
 w - 7 javelins (quivered)
Armour
 j - the +2 pair of boots of Fortification {rElec rPois SInv}
   (You found it on level 1 of the Shoals)

   rElec:     It insulates you from electricity.
   rPois:     It protects you from poison.
   SInv:      It lets you see invisible.
 k - a +2 pair of boots (worn)
 v - a scarf of repulsion (worn)
 z - the +0 helmet of the Thieving Gods (worn) {rC+ Str+3 Dex+2}
   (You found it on level 2 of the Lair of Beasts)

   Str:       It affects your strength (+3).
   Dex:       It affects your dexterity (+2).
   rC:        It protects you from cold.
 A - a +2 pair of gloves (worn)
 B - a +0 tower shield (worn)
 D - a +2 cloak
 E - a +2 plate armour of fire resistance
 F - +1 ice dragon scales
 I - a +6 plate armour of fire resistance (worn)
Jewellery
 e - an amulet of faith (around neck)
 f - an amulet of regeneration
 l - a ring of resist corrosion
 o - a +5 ring of evasion (left hand)
 p - a ring of see invisible (right hand)
 y - a ring of resist corrosion
 C - the ring of Trepidation {rF+ Will+ Str+2 Dex-5 Stlth+}
   (You bought it in a shop on level 2 of the Orcish Mines)

   [ring of willpower]

   Str:       It affects your strength (+2).
   Dex:       It affects your dexterity (-5).
   rF:        It protects you from fire.
   Will:      It increases your willpower.
   Stlth:     It makes you more stealthy.
 H - a ring of fire
 J - a +6 ring of strength
Scrolls
 q - 26 scrolls of identify
 s - 15 scrolls of teleportation
Potions
 a - 6 potions of attraction
 d - 6 potions of might
 g - 2 potions of resistance
 h - 4 potions of haste
 i - 3 potions of mutation
 m - 2 potions of heal wounds
 n - 10 potions of curing
 r - 6 potions of lignification
 t - 4 potions of magic
 u - a potion of cancellation

Dungeon Overview and Level Annotations

Branches:
Dungeon (15/15)            Temple (1/1) D:7            Lair (5/5) D:11
 Shoals (4/4) Lair:3        Snake (3/4) Lair:2        Slime (0/5) Lair:5
    Orc (2/2) D:9             Elf (0/3) Orc:2        Vaults (0/5) D:14
 Depths (0/4) D:15          Sewer (visited)

Altars:
Ashenzari
Cheibriados
Dithmenos
Elyvilon
Fedhas
Gozag
Hepliaklqana
Kikubaaqudgha
Makhleb
Nemelex Xobeh
Okawaru
Qazlal
Ru
Sif Muna
Trog
Uskayaw
Vehumet
Wu Jian
Xom
Yredelemnul
Zin
The Shining One
Jiyva
Lugonu

Shops:
Orc:2 !*:?(=*?=   Shoals:2 *   Snake:3 :**(

Portals:
Abyss: Orc:1
Pandemonium: Orc:2

Annotations:
D:1 1 transporter
Snake:1 2 transporters
Orc:2 2 transporters


Message History

The wretched star glows turbulently.
The lance of force is repelled.
You closely miss the wretched star.
The wretched star is severely damaged.
You hit the rakshasa. You slash the large abomination!
You block the rakshasa's attack.
A neqoxec comes into view.
The wretched star pulses with an eldritch light!
You feel weirdly uncertain.
You feel even more weirdly uncertain.
You closely miss the large abomination.
The large abomination is almost destroyed.
You closely miss the wretched star.
The neqoxec shouts!
You slash the rakshasa!
The rakshasa is poisoned.
You barely miss the large abomination.
The large abomination is almost destroyed.
You closely miss the wretched star. You slash the rakshasa!
The rakshasa looks as sick as possible!
The rakshasa hits you with a +0 long sword!
You feel threatened and lose the ability to drink potions!
The wretched star glows turbulently.
The lance of force is repelled.
The wretched star pulses with an eldritch light!
Your connection to magic feels nearly dormant.
You feel vulnerable to heat. The large abomination hits you!!
Your body deteriorates!
You feel clumsy.
You hit the large abomination.
The large abomination is almost destroyed.
You slice the rakshasa!! You closely miss the wretched star.
The injured rakshasa weaves a defensive illusion!
You block the rakshasa's attack.
The rakshasa hits you with a +0 long sword.
You completely miss the large abomination.
The large abomination is almost destroyed.
You hit the wretched star but do no damage.
You miss the rakshasa. You slash the rakshasa!
The rakshasa looks as sick as possible!
The rakshasa hits you with a +0 long sword!!
You die...

. . . #. # #.#
. # .#.-##.##
###.#..#..#
###. .R*#w3.#..
.....##RRXw....
#.....*@###
#..#....X.## .
#.......3..##
####...#....# .
##.###..O#
##..#....# #.#.
...... . ..
#......... .##
#. ...... .


You could see a tentacled starspawn (strong), 2 wretched stars, 3 rakshasas, a
two-headed ogre, a large abomination, a smoke demon, a neqoxec and 2 starspawn
tentacles.

Vanquished Creatures
  Bai Suzhen (Shoals:3)
  Vashnia (Snake:2)
  Nikola (Snake:1)
  Rupert (Snake:1)
  Mlioglotl (Shoals:1)
  Polyphemus (Shoals:2)
  Frances (D:12)
  A kraken (Shoals:1)
  A tentacled starspawn (Abyss:3)
  Agnes (Snake:1)
  A storm dragon (Shoals:4)
  Aizul (Snake:1)
  A balrug (Abyss:3)
  A stone giant (D:15)
  2 orc warlords (Orc:2)
  4 merfolk javelineers (Shoals:4)
  9 merfolk impalers
  2 fire dragons (D:15)
  7 hydras
  An ogre mage (D:15)
  8 vault guards (D:14)
  3 rakshasas (D:14)
  2 satyrs
  4 anacondas (Snake:3)
  8 catoblepae
  5 centaur warriors
  A merfolk avatar (Shoals:1)
  4 merfolk aquamancers
  7 boulder beetles
  2 demonspawn (Orc:2)
  6 two-headed ogres
  9 naga warriors
  7 death yaks
  3 orc high priests (Orc:2)
  8 naga sharpshooters
  5 shock serpents
  A thrashing horror (Abyss:3)
  4 tengu warriors (D:15)
  Sonja (Orc:1)
  A soul eater (Orc:2)
  4 sun demons (Abyss:3)
  4 salamander mystics
  8 skysharks
  2 wretched stars (Abyss:3)
  A fire crab (Lair:3)
  A sixfirhy (Abyss:3)
  12 sea snakes
  A naga ritualist (Snake:3)
  3 deep elf pyromancers
  6 orc knights
  A lindwurm (Lair:2)
  6 harpies (Shoals:1)
  3 ugly things
  A mana viper (Snake:1)
  An oklob plant (Lair:5)
  12 salamanders
  6 cyclopes
  14 fauns
  9 orc sorcerers (Orc:2)
  11 manticores
  Maurice (D:12)
  21 elephants
  15 black mambas
  An apocalypse crab (Abyss:3)
  2 demonic crawlers (D:15)
  10 merfolk sirens
  5 naga magi
  4 guardian serpents
  7 water nymphs
  10 cane toads
  7 gargoyles
  4 rime drakes
  2 unseen horrors
  3 kobold demonologists
  3 efreet
  13 komodo dragons
  A tengu conjurer (D:13)
  10 trolls
  26 merfolk
  An ancient zyme (Abyss:3)
  A harpy zombie (Abyss:3)
  2 polar bears
  A hellwing (Orc:2)
  A hornet (Lair:2)
  12 blink frogs
  5 snapping turtles
  2 raiju (Abyss:3)
  9 wind drakes
  27 dream sheep
  An ettin zombie (Abyss:3)
  2 shadows (D:11)
  7 air elementals (Shoals:4)
  A wraith (D:9)
  5 slime creatures (D:12)
  2 ynoxinuls
  14 water elementals
  53 yaks
  A vampire (D:11)
  A wyvern (Lair:4)
  5 basilisks
  A steam dragon (D:6)
  6 hogs (D:15)
  A basilisk (shapeshifter) (D:14)
  A neqoxec (Orc:2)
  5 vampire mosquitoes
  3 wargs
  23 nagas
  3 large abominations (Abyss:3)
  15 water moccasins
  43 orc warriors
  3 ice beasts
  3 sky beasts
  2 black bears
  7 ogres
  12 centaurs
  2 phantoms (D:5)
  20 wolves
  2 kobold brigands (D:8)
  15 bullfrogs
  A gnoll sergeant (D:11)
  5 scorpions
  7 wights (D:7)
  5 killer bees (D:8)
  6 howler monkeys
  4 electric eels
  A small abomination (Abyss:3)
  5 hounds
  An iron imp (Abyss:3)
  3 gnoll boudas
  28 orc priests
  A jelly (D:7)
  12 starcursed masses (Abyss:3)
  Jessica (D:3)
  3 iguanas (D:6)
  23 orc wizards
  Robin (D:3)
  21 gnolls
  14 adders
  A river rat (Sewer)
  2 white imps
  2 ufetubi
  A dart slug (D:1)
  93 orcs
  5 bats
  5 endoplasms
  5 giant cockroaches
  10 hobgoblins
  A jackal (D:1)
  A quokka (D:4)
  11 ball pythons
  6 frilled lizards
  24 goblins
  25 kobolds
  11 rats
  2 lurking horrors (Orc:1)
  2 starspawn tentacles (Abyss:3)
  4 tentacles (Shoals:1)
1052 creatures vanquished.

Vanquished Creatures (collateral kills)
  2 adders (D:4)
  A giant cockroach (D:4)
3 creatures vanquished.

Vanquished Creatures (others)
  Kirke (D:15)
  Ilsuiw (Shoals:2)
  A merfolk (Shoals:4)
  An orc wizard (D:10)
  2 starspawn tentacles (Abyss:3)
6 creatures vanquished.

Grand Total: 1061 creatures vanquished

Notes
Turn   | Place    | Note
-------+----------+-------------------------------------------
     0 | D:1      | qw the Gargoyle Fighter began the quest for the Orb.
     0 | D:1      | Reached XP level 1. HP: 14/14 MP: 1/1
     0 | D:1      | 0 ||| qw: Version: 0.2-a-103-g5a998e5
     0 | D:1      | 0 ||| qw: Game counter: 1041
     0 | D:1      | 0 ||| qw: Always use a shield: true
     0 | D:1      | 0 ||| qw: God list: Okawaru
     0 | D:1      | 0 ||| qw: Allow faded altars: false
     0 | D:1      | 0 ||| qw: Do Orc after D:15 true
     0 | D:1      | 0 ||| qw: Do second Lair branch before Depths: true
     0 | D:1      | 0 ||| qw: Lair rune preference: random
     0 | D:1      | 0 ||| qw: Plans: Normal, Zot:1-4, Slime:5, God:TSO, Crypt,
                  | Tomb, Pan, Hells, Abyss, Win
     0 | D:1      | 0 ||| PLANNING D:1-11
   112 | D:1      | Reached XP level 2. HP: 19/19 MP: 2/2
   671 | D:1      | Reached skill level 3 in Axes
   817 | D:1      | Reached XP level 3. HP: 23/23 MP: 3/3
   935 | D:1      | 935 ||| READING scroll labelled KENOP CEVIKU.
   936 | D:1      | 936 ||| READING scroll labelled LIGOMA WOUXTUV.
   937 | D:1      | 937 ||| DRINKING 2 lumpy black potions.
   938 | D:1      | 938 ||| DROPPING potion of flight.
  1381 | D:2      | Found a faded altar of an unknown god.
  1852 | D:2      | Reached XP level 4. HP: 28/28 MP: 4/4
  1878 | D:2      | 1878 ||| UPGRADING to +0 pair of boots.
  1883 | D:2      | 1883 ||| READING scroll labelled REASHRE ZUST.
  1884 | D:2      | 1884 ||| READING scroll labelled XUEMUOGADGHOTT.
  1885 | D:2      | 1885 ||| READING scroll labelled RIYDANGOE ESEMALAU.
  1986 | D:2      | 1986 ||| READING scroll labelled JENWAO ZEETAQ.
  2004 | D:3      | Noticed Robin
  2013 | D:3      | 2013 ||| STAIRDANCE
  2042 | D:3      | 2042 ||| Stepping ~*~*~tactically~*~*~ (hiding).
  2051 | D:3      | Killed Robin
  2083 | D:3      | 2083 ||| Stepping ~*~*~tactically~*~*~ (hiding).
  2084 | D:3      | 2084 ||| Stepping ~*~*~tactically~*~*~ (hiding).
  2085 | D:3      | 2085 ||| Stepping ~*~*~tactically~*~*~ (hiding).
  2089 | D:3      | 2089 ||| Stepping ~*~*~tactically~*~*~ (stealth).
  2219 | D:3      | 2219 ||| Stepping ~*~*~tactically~*~*~ (stealth).
  2221 | D:3      | 2221 ||| Stepping ~*~*~tactically~*~*~ (stealth).
  2239 | D:3      | Reached XP level 5. HP: 11/32 MP: 5/5
  2257 | D:3      | 2257 ||| FLEEEEING.
  2258 | D:3      | 2258 ||| FLEEEEING.
  2259 | D:3      | 2259 ||| FLEEEEING.
  2260 | D:3      | 2260 ||| FLEEEEING.
  2261 | D:3      | 2261 ||| FLEEEEING.
  2262 | D:3      | 2262 ||| FLEEEEING.
  2263 | D:3      | 2263 ||| FLEEEEING.
  2264 | D:3      | 2264 ||| FLEEEEING.
  2265 | D:3      | 2265 ||| FLEEEEING.
  2266 | D:3      | 2266 ||| FLEEEEING.
  2267 | D:3      | 2267 ||| FLEEEEING.
  2268 | D:3      | 2268 ||| FLEEEEING.
  2269 | D:3      | 2269 ||| FLEEEEING.
  2270 | D:3      | 2270 ||| FLEEEEING.
  2271 | D:3      | 2271 ||| FLEEEEING.
  2272 | D:3      | 2272 ||| FLEEEEING.
  2273 | D:3      | 2273 ||| FLEEEEING.
  2274 | D:3      | 2274 ||| FLEEEEING.
  2275 | D:3      | 2275 ||| FLEEEEING.
  2276 | D:3      | 2276 ||| FLEEEEING.
  2277 | D:3      | 2277 ||| FLEEEEING.
  2278 | D:3      | 2278 ||| FLEEEEING.
  2279 | D:3      | 2279 ||| FLEEEEING.
  2280 | D:3      | 2280 ||| FLEEEEING.
  2281 | D:3      | 2281 ||| FLEEEEING.
  2282 | D:3      | 2282 ||| FLEEEEING.
  2283 | D:3      | 2283 ||| FLEEEEING.
  2284 | D:3      | 2284 ||| FLEEEEING.
  2285 | D:3      | 2285 ||| FLEEEEING.
  2286 | D:3      | 2286 ||| FLEEEEING.
  2287 | D:3      | 2287 ||| FLEEEEING.
  2288 | D:3      | 2288 ||| FLEEEEING.
  2289 | D:3      | 2289 ||| FLEEEEING.
  2290 | D:3      | 2290 ||| STAIRDANCE
  2319 | D:2      | 2319 ||| UPGRADING to +0 helmet.
  2324 | D:2      | 2324 ||| UPGRADING to +2 pair of boots.
  2334 | D:2      | 2334 ||| DROPPING +0 pair of boots.
  2335 | D:2      | 2335 ||| READING scroll labelled ROW OWAEWIAFON.
  2336 | D:2      | 2336 ||| READING scroll labelled PIUMOL EGAESU.
  2355 | D:3      | 2355 ||| Stepping ~*~*~tactically~*~*~ (stealth).
  2389 | D:3      | 2389 ||| Stepping ~*~*~tactically~*~*~ (stealth).
  2921 | D:3      | Noticed Jessica
  2922 | D:3      | 2922 ||| Stepping ~*~*~tactically~*~*~ (hiding).
  2927 | D:3      | Killed Jessica
  3157 | D:3      | 3157 ||| UPGRADING to +0 cloak.
  3162 | D:3      | 3162 ||| READING scroll labelled PADGHA BAPY.
  3176 | D:4      | 3176 ||| PLANNING SEWER
  3189 | D:4      | 3189 ||| Stepping ~*~*~tactically~*~*~ (stealth).
  3302 | D:4      | 3302 ||| FLEEEEING.
  3303 | D:4      | 3303 ||| FLEEEEING.
  3304 | D:4      | 3304 ||| FLEEEEING.
  3305 | D:4      | 3305 ||| FLEEEEING.
  3306 | D:4      | 3306 ||| FLEEEEING.
  3307 | D:4      | 3307 ||| FLEEEEING.
  3308 | D:4      | 3308 ||| FLEEEEING.
  3309 | D:4      | 3309 ||| FLEEEEING.
  3310 | D:4      | 3310 ||| FLEEEEING.
  3311 | D:4      | 3311 ||| FLEEEEING.
  3312 | D:4      | 3312 ||| FLEEEEING.
  3313 | D:4      | 3313 ||| FLEEEEING.
  3314 | D:4      | 3314 ||| FLEEEEING.
  3315 | D:4      | 3315 ||| FLEEEEING.
  3316 | D:4      | 3316 ||| FLEEEEING.
  3317 | D:4      | 3317 ||| FLEEEEING.
  3318 | D:4      | 3318 ||| FLEEEEING.
  3319 | D:4      | 3319 ||| FLEEEEING.
  3320 | D:4      | 3320 ||| FLEEEEING.
  3321 | D:4      | 3321 ||| FLEEEEING.
  3322 | D:4      | 3322 ||| FLEEEEING.
  3323 | D:4      | 3323 ||| FLEEEEING.
  3324 | D:4      | 3324 ||| FLEEEEING.
  3325 | D:4      | 3325 ||| FLEEEEING.
  3326 | D:4      | 3326 ||| FLEEEEING.
  3327 | D:4      | 3327 ||| FLEEEEING.
  3328 | D:4      | 3328 ||| FLEEEEING.
  3329 | D:4      | 3329 ||| FLEEEEING.
  3330 | D:4      | 3330 ||| FLEEEEING.
  3331 | D:4      | 3331 ||| STAIRDANCE
  3362 | D:4      | 3362 ||| Stepping ~*~*~tactically~*~*~ (stealth).
  3381 | D:4      | 3381 ||| DROPPING +0 whip.
  3439 | D:4      | Reached XP level 6. HP: 38/38 MP: 6/6
  3571 | D:4      | Found an ancient bone altar of Kikubaaqudgha.
  3592 | D:4      | 3592 ||| Stepping ~*~*~tactically~*~*~ (stealth).
  3601 | D:4      | 3601 ||| Stepping ~*~*~tactically~*~*~ (stealth).
  3624 | D:4      | 3624 ||| READING scroll labelled ASCHU XEHIATHRO.
  3629 | D:4      | 3629 ||| DRINKING 2 bubbling ruby potions.
  3660 | D:4      | 3660 ||| READING scroll labelled PYXTAMPEGAHE.
  3661 | D:4      | Found a glowing drain.
  3677 | D:4      | Reached skill level 1 in Dodging
  3692 | Sewer    | Entered a sewer
  3742 | Sewer    | 3742 ||| Stepping ~*~*~tactically~*~*~ (water).
  3864 | Sewer    | 3864 ||| Stepping ~*~*~tactically~*~*~ (water).
  3989 | Sewer    | 3989 ||| READING scroll labelled QUPPAK SUCH.
  3990 | Sewer    | 3990 ||| READING scroll labelled QOECIXTIRCHO.
  3991 | Sewer    | 3991 ||| READING 4 scrolls of identify.
  3991 | Sewer    | 3991 ||| IDENTIFYING coppery potion
  3992 | Sewer    | 3992 ||| READING 3 scrolls of identify.
  3992 | Sewer    | 3992 ||| IDENTIFYING lumpy emerald potion
  3993 | Sewer    | 3993 ||| READING 2 scrolls of identify.
  3993 | Sewer    | 3993 ||| IDENTIFYING fizzy ruby potion
  3994 | Sewer    | 3994 ||| DROPPING potion of brilliance.
  4031 | D:4      | 4031 ||| PLANNING D:1-11
  4210 | D:5      | Entered Level 5 of the Dungeon
  4223 | D:5      | 4223 ||| STAIRDANCE
  4227 | D:4      | Reached skill level 6 in Axes
  4227 | D:4      | Reached XP level 7. HP: 39/43 MP: 7/7
  4259 | D:5      | 4259 ||| Stepping ~*~*~tactically~*~*~ (hiding).
  4262 | D:5      | 4262 ||| Stepping ~*~*~tactically~*~*~ (hiding).
  4263 | D:5      | 4263 ||| Stepping ~*~*~tactically~*~*~ (hiding).
  4264 | D:5      | 4264 ||| Stepping ~*~*~tactically~*~*~ (hiding).
  4265 | D:5      | 4265 ||| Stepping ~*~*~tactically~*~*~ (hiding).
  4272 | D:5      | 4272 ||| STAIRDANCE
  4312 | D:5      | 4312 ||| STAIRDANCE
  4353 | D:5      | 4353 ||| FLEEEEING.
  4354 | D:5      | 4354 ||| FLEEEEING.
  4355 | D:5      | 4355 ||| FLEEEEING.
  4356 | D:5      | 4356 ||| STAIRDANCE
  4405 | D:5      | Reached skill level 1 in Throwing
  4466 | D:5      | 4466 ||| Stepping ~*~*~tactically~*~*~ (stealth).
  4494 | D:5      | 4494 ||| Stepping ~*~*~tactically~*~*~ (stealth).
  4495 | D:5      | 4495 ||| Stepping ~*~*~tactically~*~*~ (stealth).
  4967 | D:5      | Reached XP level 8. HP: 46/49 MP: 8/8
  5087 | D:5      | HP: 10/49 [ice beast (9)]
  5088 | D:5      | 5088 ||| READING 4 scrolls of teleportation.
  5091 | D:5      | 5091 ||| FLEEEEING.
  5092 | D:5      | 5092 ||| FLEEEEING.
  5093 | D:5      | 5093 ||| FLEEEEING.
  5094 | D:5      | 5094 ||| FLEEEEING.
  5095 | D:5      | 5095 ||| FLEEEEING.
  5096 | D:5      | 5096 ||| FLEEEEING.
  5097 | D:5      | 5097 ||| FLEEEEING.
  5098 | D:5      | 5098 ||| FLEEEEING.
  5099 | D:5      | 5099 ||| FLEEEEING.
  5100 | D:5      | 5100 ||| FLEEEEING.
  5101 | D:5      | 5101 ||| FLEEEEING.
  5104 | D:5      | 5104 ||| FLEEEEING.
  5105 | D:5      | 5105 ||| FLEEEEING.
  5106 | D:5      | 5106 ||| FLEEEEING.
  5107 | D:5      | 5107 ||| STAIRDANCE
  5121 | D:4      | 5121 ||| FLEEEEING.
  5122 | D:4      | 5122 ||| FLEEEEING.
  5123 | D:4      | 5123 ||| STAIRDANCE
  5224 | D:3      | 5224 ||| UPGRADING to +0 chain mail.
  5234 | D:3      | 5234 ||| DROPPING +0 scale mail.
  5243 | D:5      | 5243 ||| STAIRDANCE
  5441 | D:6      | 5441 ||| STAIRDANCE
  5482 | D:6      | 5482 ||| STAIRDANCE
  5549 | D:6      | 5549 ||| Stepping ~*~*~tactically~*~*~ (stealth).
  5561 | D:6      | Reached skill level 6 in Fighting
  5758 | D:6      | Reached XP level 9. HP: 55/55 MP: 9/9
  5775 | D:6      | 5775 ||| Stepping ~*~*~tactically~*~*~ (stealth).
  5777 | D:6      | 5777 ||| Stepping ~*~*~tactically~*~*~ (stealth).
  5778 | D:6      | 5778 ||| Stepping ~*~*~tactically~*~*~ (stealth).
  5779 | D:6      | 5779 ||| Stepping ~*~*~tactically~*~*~ (stealth).
  5786 | D:6      | Reached skill level 9 in Axes
  5820 | D:6      | 5820 ||| Stepping ~*~*~tactically~*~*~ (stealth).
  5847 | D:6      | Identified the +6 flail "Solois" {protect, rPois Int+3
                  | Dex+2}
  5855 | D:6      | 5855 ||| DROPPING +6 flail "Solois" {protect, rPois Int+3
                  | Dex+2}.
  6089 | D:6      | 6089 ||| Stepping ~*~*~tactically~*~*~ (stealth).
  6209 | D:6      | 6209 ||| DRINKING 2 grey potions.
  6210 | D:6      | 6210 ||| DRINKING 2 bubbling grey potions.
  6315 | D:6      | 6315 ||| READING 2 scrolls of identify.
  6315 | D:6      | 6315 ||| IDENTIFYING glowing cyan potion
  6316 | D:6      | 6316 ||| DROPPING potion of berserk rage.
  6432 | D:7      | 6432 ||| Stepping ~*~*~tactically~*~*~ (hiding).
  6435 | D:7      | 6435 ||| Stepping ~*~*~tactically~*~*~ (hiding).
  6882 | D:7      | 6882 ||| Stepping ~*~*~tactically~*~*~ (hiding).
  7130 | D:7      | Found a staircase to the Ecumenical Temple.
  7131 | D:7      | 7131 ||| PLANNING TEMPLE
  7187 | D:7      | Reached skill level 6 in Armour
  7626 | D:7      | Reached XP level 10. HP: 54/63 MP: 10/10
  7655 | D:7      | 7655 ||| READING scroll labelled LAXIELUTWA.
  7701 | D:8      | 7701 ||| STAIRDANCE
  7763 | D:8      | 7763 ||| READING 2 scrolls of identify.
  7763 | D:8      | 7763 ||| IDENTIFYING white potion
  7764 | D:8      | 7764 ||| DROPPING potion of invisibility.
  7787 | Temple   | Entered the Ecumenical Temple
  7827 | Temple   | 7827 ||| PLANNING OKAWARU WORSHIP
  7959 | Temple   | Became a worshipper of Warmaster Okawaru
  7959 | Temple   | 7959 ||| PLANNING D:1-11
  8112 | D:8      | 8112 ||| Stepping ~*~*~tactically~*~*~ (stealth).
  8261 | D:8      | 8261 ||| FLEEEEING.
  8264 | D:8      | 8264 ||| FLEEEEING.
  8479 | D:8      | Reached * piety under Okawaru
  8487 | D:8      | 8487 ||| INVOKING Heroism.
  8490 | D:8      | Reached skill level 1 in Invocations
  8615 | D:8      | 8615 ||| READING scroll of enchant weapon.
  8615 | D:8      | 8615 ||| ENCHANTING +1 war axe.
  8866 | D:8      | 8866 ||| Stepping ~*~*~tactically~*~*~ (hiding).
  8893 | D:8      | 8893 ||| DROPPING orb of guile.
  8894 | D:8      | 8894 ||| READING scroll labelled JITRA NAST.
  8895 | D:8      | 8895 ||| DRINKING 2 yellow potions.
  8900 | D:8      | 8900 ||| DROPPING potion of ambrosia.
  8956 | D:9      | 8956 ||| INVOKING Heroism.
  8960 | D:9      | 8960 ||| Stepping ~*~*~tactically~*~*~ (hiding).
  8977 | D:9      | Reached skill level 3 in Invocations
  9008 | D:9      | 9008 ||| Stepping ~*~*~tactically~*~*~ (stealth).
  9009 | D:9      | 9009 ||| Stepping ~*~*~tactically~*~*~ (stealth).
  9010 | D:9      | 9010 ||| Stepping ~*~*~tactically~*~*~ (stealth).
  9018 | D:9      | 9018 ||| Stepping ~*~*~tactically~*~*~ (stealth).
  9019 | D:9      | 9019 ||| Stepping ~*~*~tactically~*~*~ (stealth).
  9020 | D:9      | 9020 ||| Stepping ~*~*~tactically~*~*~ (stealth).
  9020 | D:9      | Found a staircase to the Orcish Mines.
  9297 | D:9      | 9297 ||| Stepping ~*~*~tactically~*~*~ (hiding).
  9298 | D:9      | 9298 ||| Stepping ~*~*~tactically~*~*~ (hiding).
  9299 | D:9      | 9299 ||| Stepping ~*~*~tactically~*~*~ (hiding).
  9403 | D:9      | 9403 ||| INVOKING Heroism.
  9524 | D:9      | 9524 ||| INVOKING Heroism.
  9559 | D:9      | 9559 ||| Stepping ~*~*~tactically~*~*~ (hiding).
  9678 | D:9      | 9678 ||| Stepping ~*~*~tactically~*~*~ (hiding).
  9681 | D:9      | 9681 ||| INVOKING Heroism.
  9875 | D:9      | 9875 ||| UPGRADING to +0 plate armour.
  9885 | D:9      | 9885 ||| DROPPING +0 chain mail.
  9886 | D:9      | 9886 ||| UPGRADING to +5 ring of evasion.
  9887 | D:9      | 9887 ||| READING 3 scrolls of identify.
  9887 | D:9      | 9887 ||| IDENTIFYING inky potion
  9888 | D:9      | 9888 ||| READING 2 scrolls of identify.
  9888 | D:9      | 9888 ||| IDENTIFYING pink potion
  9906 | D:10     | Entered Level 10 of the Dungeon
  9926 | D:10     | Found a flagged portal.
  9927 | D:10     | 9927 ||| Stepping ~*~*~tactically~*~*~ (stealth).
  9932 | D:10     | Noticed a cyan ugly thing
  9950 | D:10     | 9950 ||| INVOKING Heroism.
  9961 | D:10     | Killed a cyan ugly thing
 10063 | D:10     | Noticed a kobold demonologist
 10078 | D:10     | 10078 ||| INVOKING Heroism.
 10080 | D:10     | Killed a kobold demonologist
 10081 | D:10     | Reached XP level 11. HP: 68/68 MP: 11/14
 10146 | D:10     | Noticed a two-headed ogre
 10147 | D:10     | 10147 ||| INVOKING Heroism.
 10159 | D:10     | Killed a two-headed ogre
 10556 | D:10     | 10556 ||| INVOKING Heroism.
 10678 | D:10     | 10678 ||| INVOKING Heroism.
 10682 | D:10     | Reached skill level 9 in Fighting
 10833 | D:10     | 10833 ||| Stepping ~*~*~tactically~*~*~ (stealth).
 10834 | D:10     | 10834 ||| Stepping ~*~*~tactically~*~*~ (stealth).
 10840 | D:10     | 10840 ||| INVOKING Heroism.
 10862 | D:10     | Identified the +9 hand axe "Meashrus" {flame, rC+ Int-2
                  | Dex+2}
 10864 | D:10     | 10864 ||| Stepping ~*~*~tactically~*~*~ (stealth).
 10868 | D:10     | 10868 ||| Stepping ~*~*~tactically~*~*~ (stealth).
 10878 | D:10     | 10878 ||| Stepping ~*~*~tactically~*~*~ (stealth).
 10879 | D:10     | 10879 ||| SWAPPING to +2 heavy war axe.
 10880 | D:10     | 10880 ||| DROPPING +2 war axe.
 10884 | D:10     | Reached ** piety under Okawaru
 10885 | D:10     | 10885 ||| FLEEEEING.
 10899 | D:10     | 10899 ||| FLEEEEING.
 10902 | D:10     | 10902 ||| STAIRDANCE
 10933 | D:9      | 10933 ||| READING 3 scrolls of identify.
 10933 | D:9      | 10933 ||| IDENTIFYING sapphire potion
 10963 | D:10     | 10963 ||| DROPPING +0 morningstar.
 10973 | D:10     | 10973 ||| INVOKING Heroism.
 11265 | D:10     | 11265 ||| DRINKING 2 metallic silvery potions.
 11266 | D:10     | 11266 ||| DROPPING potion of degeneration.
 11274 | D:10     | 11274 ||| Stepping ~*~*~tactically~*~*~ (stealth).
 11275 | D:10     | 11275 ||| Stepping ~*~*~tactically~*~*~ (stealth).
 11276 | D:10     | 11276 ||| INVOKING Heroism.
 11314 | D:11     | Found a staircase to the Lair.
 11328 | D:11     | Noticed a boulder beetle
 11329 | D:11     | 11329 ||| INVOKING Heroism.
 11339 | D:11     | Killed a boulder beetle
 11340 | D:11     | Reached skill level 3 in Throwing
 11376 | D:11     | 11376 ||| INVOKING Heroism.
 11391 | D:11     | Reached skill level 12 in Axes
 11516 | D:11     | 11516 ||| Stepping ~*~*~tactically~*~*~ (hiding).
 11523 | D:11     | 11523 ||| INVOKING Heroism.
 11533 | D:11     | Reached skill level 9 in Armour
 11825 | D:11     | 11825 ||| PLANNING LAIR
 11825 | D:11     | 11825 ||| UPGRADING to scarf of repulsion.
 11850 | Lair:1   | Entered Level 1 of the Lair of Beasts
 11859 | Lair:1   | 11859 ||| Stepping ~*~*~tactically~*~*~ (stealth).
 11863 | Lair:1   | 11863 ||| INVOKING Heroism.
 11914 | Lair:1   | 11914 ||| INVOKING Heroism.
 11920 | Lair:1   | Reached skill level 6 in Shields
 11954 | Lair:1   | 11954 ||| READING scroll of enchant weapon.
 11954 | Lair:1   | 11954 ||| ENCHANTING +2 heavy war axe.
 12076 | Lair:1   | 12076 ||| INVOKING Heroism.
 12082 | Lair:1   | Reached XP level 12. HP: 77/77 MP: 12/15
 12105 | Lair:1   | Reached *** piety under Okawaru
 12163 | Lair:1   | 12163 ||| INVOKING Heroism.
 12245 | Lair:1   | 12245 ||| INVOKING Heroism.
 12289 | Lair:1   | 12289 ||| READING scroll of enchant weapon.
 12289 | Lair:1   | 12289 ||| ENCHANTING +3 heavy war axe.
 12537 | Lair:1   | 12537 ||| INVOKING Heroism.
 12689 | Lair:1   | 12689 ||| INVOKING Heroism.
 12897 | Lair:1   | 12897 ||| UPGRADING to ring of see invisible.
 12956 | Lair:2   | 12956 ||| INVOKING Heroism.
 13057 | Lair:2   | Noticed a catoblepas
 13058 | Lair:2   | 13058 ||| Stepping ~*~*~tactically~*~*~ (stealth).
 13063 | Lair:2   | 13063 ||| FLEEEEING.
 13065 | Lair:2   | 13065 ||| INVOKING Heroism.
 13074 | Lair:2   | Killed a catoblepas
 13074 | Lair:2   | Reached **** piety under Okawaru
 13120 | Lair:2   | 13120 ||| FLEEEEING.
 13129 | Lair:2   | 13129 ||| STAIRDANCE
 13253 | Lair:2   | Identified the +9 morningstar of the Spinneret {flame,
                  | Fragile rF- rC+++ Will+++}
 13407 | Lair:2   | 13407 ||| INVOKING Heroism.
 13474 | Lair:2   | 13474 ||| FLEEEEING.
 13477 | Lair:2   | 13477 ||| FLEEEEING.
 13478 | Lair:2   | 13478 ||| FLEEEEING.
 13479 | Lair:2   | 13479 ||| FLEEEEING.
 13480 | Lair:2   | 13480 ||| FLEEEEING.
 13481 | Lair:2   | 13481 ||| FLEEEEING.
 13482 | Lair:2   | 13482 ||| FLEEEEING.
 13483 | Lair:2   | 13483 ||| FLEEEEING.
 13484 | Lair:2   | 13484 ||| INVOKING Heroism.
 13516 | Lair:2   | Reached XP level 13. HP: 83/83 MP: 17/17
 13517 | Lair:2   | 13517 ||| INVOKING Heroism.
 13561 | Lair:2   | 13561 ||| INVOKING Heroism.
 13654 | Lair:2   | 13654 ||| Stepping ~*~*~tactically~*~*~ (hiding).
 13668 | Lair:2   | 13668 ||| INVOKING Heroism.
 13733 | Lair:2   | Identified the +0 helmet of the Thieving Gods {rC+ Str+3
                  | Dex+2}
 13737 | Lair:2   | 13737 ||| Stepping ~*~*~tactically~*~*~ (hiding).
 13739 | Lair:2   | 13739 ||| Stepping ~*~*~tactically~*~*~ (hiding).
 13771 | Lair:2   | Reached skill level 6 in Invocations
 13793 | Lair:2   | Found a staircase to the Snake Pit.
 14080 | Lair:2   | 14080 ||| UPGRADING to +0 helmet of the Thieving Gods {rC+
                  | Str+3 Dex+2}.
 14090 | Lair:2   | 14090 ||| DROPPING +0 helmet.
 14091 | Lair:2   | 14091 ||| UPGRADING to +0 pair of gloves.
 14143 | Lair:3   | Found a staircase to the Shoals.
 14238 | Lair:3   | 14238 ||| Stepping ~*~*~tactically~*~*~ (hiding).
 14300 | Lair:3   | 14300 ||| Stepping ~*~*~tactically~*~*~ (stealth).
 14307 | Lair:3   | 14307 ||| Stepping ~*~*~tactically~*~*~ (stealth).
 14444 | Lair:3   | 14444 ||| INVOKING Heroism.
 14481 | Lair:3   | 14481 ||| Stepping ~*~*~tactically~*~*~ (stealth).
 14496 | Lair:3   | Reached skill level 3 in Dodging
 14496 | Lair:3   | Reached ***** piety under Okawaru
 14548 | Lair:3   | 14548 ||| Stepping ~*~*~tactically~*~*~ (cloud).
 14549 | Lair:3   | 14549 ||| INVOKING Heroism.
 14550 | Lair:3   | 14550 ||| Stepping ~*~*~tactically~*~*~ (cloud).
 14554 | Lair:3   | 14554 ||| Stepping ~*~*~tactically~*~*~ (cloud).
 14726 | Lair:3   | 14726 ||| READING scroll of enchant armour.
 14726 | Lair:3   | 14726 ||| ENCHANTING +0 pair of gloves.
 15045 | Lair:4   | 15045 ||| Stepping ~*~*~tactically~*~*~ (stealth).
 15106 | Lair:4   | 15106 ||| INVOKING Heroism.
 15187 | Lair:4   | 15187 ||| Stepping ~*~*~tactically~*~*~ (stealth).
 15189 | Lair:4   | 15189 ||| Stepping ~*~*~tactically~*~*~ (stealth).
 15193 | Lair:4   | 15193 ||| INVOKING Heroism.
 15237 | Lair:4   | 15237 ||| Stepping ~*~*~tactically~*~*~ (stealth).
 15241 | Lair:4   | 15241 ||| INVOKING Heroism.
 15326 | Lair:4   | 15326 ||| Stepping ~*~*~tactically~*~*~ (stealth).
 15329 | Lair:4   | 15329 ||| Stepping ~*~*~tactically~*~*~ (stealth).
 15331 | Lair:4   | 15331 ||| Stepping ~*~*~tactically~*~*~ (stealth).
 15333 | Lair:4   | 15333 ||| Stepping ~*~*~tactically~*~*~ (stealth).
 15336 | Lair:4   | 15336 ||| Stepping ~*~*~tactically~*~*~ (stealth).
 15337 | Lair:4   | 15337 ||| Stepping ~*~*~tactically~*~*~ (stealth).
 15358 | Lair:4   | Reached skill level 9 in Invocations
 15658 | Lair:4   | 15658 ||| INVOKING Heroism.
 15717 | Lair:4   | 15717 ||| UPGRADING to amulet of faith.
 15753 | Lair:5   | Entered Level 5 of the Lair of Beasts
 15763 | Lair:5   | 15763 ||| FLEEEEING.
 15764 | Lair:5   | 15764 ||| FLEEEEING.
 15765 | Lair:5   | 15765 ||| FLEEEEING.
 15766 | Lair:5   | 15766 ||| STAIRDANCE
 15870 | Lair:5   | 15870 ||| INVOKING Heroism.
 15871 | Lair:5   | 15871 ||| INVOKING Finesse.
 15875 | Lair:5   | 15875 ||| SWAPPING to +9 hand axe "Meashrus" {flame, rC+
                  | Int-2 Dex+2}.
 15880 | Lair:5   | Gained mutation: Your large and strong wings let you fly.
                  | [Gargoyle growth]
 15880 | Lair:5   | Reached XP level 14. HP: 89/90 MP: 13/21
 15880 | Lair:5   | 15880 ||| SWAPPING to +4 heavy war axe.
 15889 | Lair:5   | Reached skill level 15 in Axes
 15908 | Lair:5   | 15908 ||| Stepping ~*~*~tactically~*~*~ (hiding).
 15915 | Lair:5   | Reached ****** piety under Okawaru
 15915 | Lair:5   | Received a gift from Okawaru
 15972 | Lair:5   | 15972 ||| INVOKING Heroism.
 15973 | Lair:5   | 15973 ||| INVOKING Finesse.
 15976 | Lair:5   | 15976 ||| SWAPPING to +9 hand axe "Meashrus" {flame, rC+
                  | Int-2 Dex+2}.
 15984 | Lair:5   | 15984 ||| SWAPPING to +4 heavy war axe.
 16209 | Lair:5   | 16209 ||| Stepping ~*~*~tactically~*~*~ (stealth).
 16211 | Lair:5   | 16211 ||| Stepping ~*~*~tactically~*~*~ (stealth).
 16212 | Lair:5   | 16212 ||| INVOKING Heroism.
 16213 | Lair:5   | 16213 ||| INVOKING Finesse.
 16227 | Lair:5   | 16227 ||| Stepping ~*~*~tactically~*~*~ (stealth).
 16284 | Lair:5   | 16284 ||| Stepping ~*~*~tactically~*~*~ (stealth).
 16286 | Lair:5   | 16286 ||| Stepping ~*~*~tactically~*~*~ (hiding).
 16288 | Lair:5   | 16288 ||| INVOKING Heroism.
 16289 | Lair:5   | 16289 ||| INVOKING Finesse.
 16298 | Lair:5   | Reached skill level 12 in Fighting
 16378 | Lair:5   | 16378 ||| Stepping ~*~*~tactically~*~*~ (stealth).
 16386 | Lair:5   | Identified the +1 buckler of the Swamp {+Blink rF+}
                  | (Okawaru gifted it to you on level 5 of the Lair of Beasts)
 16386 | Lair:5   | Received a gift from Okawaru
 16400 | Lair:5   | 16400 ||| INVOKING Heroism.
 16404 | Lair:5   | 16404 ||| INVOKING Finesse.
 16468 | Lair:5   | 16468 ||| Stepping ~*~*~tactically~*~*~ (hiding).
 16473 | Lair:5   | 16473 ||| INVOKING Heroism.
 16474 | Lair:5   | 16474 ||| INVOKING Finesse.
 16555 | Lair:5   | 16555 ||| READING scroll of enchant weapon.
 16555 | Lair:5   | 16555 ||| ENCHANTING +4 heavy war axe.
 16610 | Lair:5   | 16610 ||| Stepping ~*~*~tactically~*~*~ (stealth).
 16611 | Lair:5   | 16611 ||| Stepping ~*~*~tactically~*~*~ (stealth).
 16612 | Lair:5   | 16612 ||| Stepping ~*~*~tactically~*~*~ (stealth).
 16826 | Lair:5   | 16826 ||| INVOKING Heroism.
 16831 | Lair:5   | Found a hide-covered altar of Uskayaw.
 16951 | Lair:5   | 16951 ||| Stepping ~*~*~tactically~*~*~ (stealth).
 16983 | Lair:5   | 16983 ||| Stepping ~*~*~tactically~*~*~ (stealth).
 16987 | Lair:5   | 16987 ||| Stepping ~*~*~tactically~*~*~ (stealth).
 17088 | Lair:5   | Found a viscous altar of Jiyva.
 17098 | Lair:5   | Found a staircase to the Slime Pits.
 17139 | Lair:5   | 17139 ||| PLANNING D
 17139 | Lair:5   | 17139 ||| UPGRADING to +1 buckler of the Swamp {+Blink
                  | rF+}.
 17149 | Lair:5   | 17149 ||| DROPPING +0 buckler.
 17150 | Lair:5   | 17150 ||| READING 3 scrolls labelled RUHUAPLOTH.
 17207 | Lair:5   | 17207 ||| DROPPING 2 scrolls of torment.
 17354 | D:12     | 17354 ||| Stepping ~*~*~tactically~*~*~ (stealth).
 17356 | D:12     | 17356 ||| Stepping ~*~*~tactically~*~*~ (stealth).
 17368 | D:12     | 17368 ||| INVOKING Heroism.
 17470 | D:12     | Noticed Maurice
 17478 | D:12     | Killed Maurice
 17846 | D:12     | Noticed Frances
 17847 | D:12     | 17847 ||| INVOKING Heroism.
 17856 | D:12     | Killed Frances
 17921 | D:12     | 17921 ||| Stepping ~*~*~tactically~*~*~ (stealth).
 17931 | D:12     | 17931 ||| Stepping ~*~*~tactically~*~*~ (stealth).
 17938 | D:12     | 17938 ||| INVOKING Heroism.
 18071 | D:12     | Reached XP level 15. HP: 93/96 MP: 22/22
 18375 | D:12     | 18375 ||| DROPPING +1 pair of gloves.
 18376 | D:12     | 18376 ||| DROPPING +0 cloak.
 18423 | D:13     | 18423 ||| INVOKING Heroism.
 18427 | D:13     | 18427 ||| SWAPPING to +9 hand axe "Meashrus" {flame, rC+
                  | Int-2 Dex+2}.
 18429 | D:13     | 18429 ||| SWAPPING to +5 heavy war axe.
 18677 | D:13     | 18677 ||| Stepping ~*~*~tactically~*~*~ (hiding).
 18678 | D:13     | 18678 ||| Stepping ~*~*~tactically~*~*~ (hiding).
 18679 | D:13     | 18679 ||| Stepping ~*~*~tactically~*~*~ (hiding).
 18803 | D:13     | 18803 ||| Stepping ~*~*~tactically~*~*~ (hiding).
 18809 | D:13     | Received a gift from Okawaru
 18810 | D:13     | Reached skill level 12 in Armour
 18941 | D:13     | 18941 ||| Stepping ~*~*~tactically~*~*~ (hiding).
 19317 | D:14     | 19317 ||| INVOKING Heroism.
 19560 | D:14     | Found a gate to the Vaults.
 19562 | D:14     | 19562 ||| Stepping ~*~*~tactically~*~*~ (hiding).
 19570 | D:14     | Received a gift from Okawaru
 19587 | D:14     | 19587 ||| INVOKING Heroism.
 19764 | D:14     | 19764 ||| SWAPPING to +0 broad axe.
 19778 | D:14     | 19778 ||| DROPPING +5 heavy war axe.
 19788 | D:14     | 19788 ||| SWAPPING to +1 broad axe of flaming.
 19789 | D:14     | 19789 ||| DROPPING +0 broad axe.
 19790 | D:14     | 19790 ||| DROPPING +9 hand axe "Meashrus" {flame, rC+ Int-2
                  | Dex+2}.
 19827 | D:14     | 19827 ||| DRINKING 6 potions of curing.
 19827 | D:14     | 19827 ||| (to cure confusion)
 19835 | D:14     | Reached skill level 6 in Throwing
 20323 | D:14     | 20323 ||| DROPPING +0 chain mail of fire resistance.
 20324 | D:14     | 20324 ||| UPGRADING to +0 tower shield.
 20334 | D:14     | 20334 ||| DROPPING +1 buckler of the Swamp {+Blink rF+}.
 20335 | D:14     | 20335 ||| UPGRADING to +2 chain mail of fire resistance.
 20364 | D:15     | Entered Level 15 of the Dungeon
 20366 | D:15     | Noticed Kirke
 20367 | D:15     | 20367 ||| Stepping ~*~*~tactically~*~*~ (stealth).
 20368 | D:15     | 20368 ||| Stepping ~*~*~tactically~*~*~ (stealth).
 20385 | D:15     | 20385 ||| Stepping ~*~*~tactically~*~*~ (stealth).
 20387 | D:15     | 20387 ||| INVOKING Heroism.
 20388 | D:15     | 20388 ||| INVOKING Finesse.
 20400 | D:15     | 20400 ||| Stepping randomly (disturbance).
 20401 | D:15     | 20401 ||| Stepping randomly (disturbance).
 20402 | D:15     | 20402 ||| Stepping randomly (disturbance).
 20413 | D:15     | Killed Kirke
 20540 | D:15     | 20540 ||| Stepping ~*~*~tactically~*~*~ (hiding).
 20542 | D:15     | 20542 ||| Stepping ~*~*~tactically~*~*~ (hiding).
 20654 | D:15     | Found a staircase to the Depths.
 20655 | D:15     | 20655 ||| INVOKING Heroism.
 20664 | D:15     | Reached skill level 9 in Shields
 20766 | D:15     | 20766 ||| INVOKING Heroism.
 20924 | D:15     | 20924 ||| INVOKING Heroism.
 20963 | D:15     | Identified the +3 scale mail of Birdsong {Int+2} (Okawaru
                  | gifted it to you on level 15 of the Dungeon)
 20963 | D:15     | Received a gift from Okawaru
 21477 | D:15     | 21477 ||| INVOKING Heroism.
 21564 | D:15     | 21564 ||| Stepping ~*~*~tactically~*~*~ (hiding).
 21565 | D:15     | 21565 ||| Stepping ~*~*~tactically~*~*~ (hiding).
 21622 | D:15     | 21622 ||| INVOKING Heroism.
 21625 | D:15     | Reached skill level 12 in Shields
 21632 | D:15     | Reached XP level 16. HP: 53/104 MP: 21/23
 21888 | D:15     | 21888 ||| PLANNING ORC
 22024 | Orc:1    | Entered Level 1 of the Orcish Mines
 22269 | Orc:1    | Found a corrupted altar of Lugonu.
 22271 | Orc:1    | Found a one-way gate to the infinite horrors of the Abyss.
 22393 | Orc:1    | 22393 ||| Stepping ~*~*~tactically~*~*~ (hiding).
 22508 | Orc:2    | Entered Level 2 of the Orcish Mines
 22516 | Orc:1    | Noticed Sonja
 22517 | Orc:1    | 22517 ||| INVOKING Heroism.
 22518 | Orc:1    | 22518 ||| INVOKING Finesse.
 22522 | Orc:1    | Killed Sonja
 22637 | Orc:2    | 22637 ||| Stepping ~*~*~tactically~*~*~ (stealth).
 22638 | Orc:2    | 22638 ||| Stepping ~*~*~tactically~*~*~ (stealth).
 22639 | Orc:2    | 22639 ||| Stepping ~*~*~tactically~*~*~ (stealth).
 22671 | Orc:2    | 22671 ||| INVOKING Heroism.
 22707 | Orc:2    | Found Puffo's Distillery.
 22712 | Orc:2    | 22712 ||| BUYING 2 potions of attraction (84 gold).
 22712 | Orc:2    | Bought 2 potions of attraction for 84 gold pieces
 22712 | Orc:2    | 22712 ||| BUYING potion of cancellation (112 gold).
 22712 | Orc:2    | Bought a potion of cancellation for 112 gold pieces
 22712 | Orc:2    | 22712 ||| BUYING potion of lignification (42 gold).
 22712 | Orc:2    | Bought a potion of lignification for 42 gold pieces
 22712 | Orc:2    | 22712 ||| BUYING potion of magic (112 gold).
 22712 | Orc:2    | Bought a potion of magic for 112 gold pieces
 22760 | Orc:2    | Found Oraq's Jewellery Shop.
 22768 | Orc:2    | 22768 ||| BUYING ring "Juquogri" {rPois rN+ Str+3 Dex-2}
                  | (466 gold).
 22768 | Orc:2    | Bought the ring "Juquogri" {rPois rN+ Str+3 Dex-2} for 466
                  | gold pieces
 22768 | Orc:2    | 22768 ||| BUYING ring of Trepidation {rF+ Will+ Str+2 Dex-5
                  | Stlth+} (497 gold).
 22768 | Orc:2    | Bought the ring of Trepidation {rF+ Will+ Str+2 Dex-5
                  | Stlth+} for 497 gold pieces
 22768 | Orc:2    | 22768 ||| BUYING ring of fire (350 gold).
 22768 | Orc:2    | Bought a ring of fire for 350 gold pieces
 22768 | Orc:2    | 22768 ||| SHOPLISTING ring of ice (350 gold, have 154).
 22776 | Orc:2    | 22776 ||| Stepping ~*~*~tactically~*~*~ (stealth).
 22778 | Orc:2    | 22778 ||| Stepping ~*~*~tactically~*~*~ (hiding).
 22780 | Orc:2    | 22780 ||| Stepping ~*~*~tactically~*~*~ (stealth).
 22781 | Orc:2    | 22781 ||| Stepping ~*~*~tactically~*~*~ (stealth).
 22789 | Orc:2    | 22789 ||| Stepping ~*~*~tactically~*~*~ (hiding).
 22790 | Orc:2    | 22790 ||| Stepping ~*~*~tactically~*~*~ (hiding).
 22791 | Orc:2    | 22791 ||| INVOKING Heroism.
 22792 | Orc:2    | 22792 ||| INVOKING Finesse.
 22852 | Orc:2    | Received a gift from Okawaru
 22855 | Orc:2    | 22855 ||| Stepping ~*~*~tactically~*~*~ (hiding).
 22857 | Orc:2    | 22857 ||| Stepping ~*~*~tactically~*~*~ (hiding).
 22859 | Orc:2    | 22859 ||| Stepping ~*~*~tactically~*~*~ (hiding).
 22860 | Orc:2    | 22860 ||| Stepping ~*~*~tactically~*~*~ (hiding).
 22955 | Orc:2    | Found Uxuucaynk's Magic Scroll Boutique.
 22966 | Orc:2    | Found a staircase to the Elven Halls.
 22969 | Orc:2    | 22969 ||| SHOPLISTING 2 scrolls of enchant weapon (270
                  | gold, have 224).
 22969 | Orc:2    | 22969 ||| BUYING scroll of enchant weapon (135 gold).
 22969 | Orc:2    | Bought a scroll of enchant weapon for 135 gold pieces
 22969 | Orc:2    | 22969 ||| BUYING scroll of teleportation (54 gold).
 22969 | Orc:2    | Bought a scroll of teleportation for 54 gold pieces
 22969 | Orc:2    | 22969 ||| SHOPLISTING scroll of teleportation (54 gold,
                  | have 35).
 22969 | Orc:2    | 22969 ||| READING scroll of enchant weapon.
 22969 | Orc:2    | 22969 ||| ENCHANTING +1 broad axe of flaming.
 22980 | Orc:2    | Found a transporter.
 22980 | Orc:2    | Found Pog Seda's General Store.
 22994 | Orc:2    | Found Hutog's Jewellery Boutique.
 23003 | Orc:2    | 23003 ||| SHOPLISTING +4 ring of protection (540 gold, have
                  | 122).
 23003 | Orc:2    | 23003 ||| SHOPLISTING +5 ring of evasion (540 gold, have
                  | 122).
 23003 | Orc:2    | 23003 ||| SHOPLISTING +6 ring of dexterity (540 gold, have
                  | 122).
 23003 | Orc:2    | 23003 ||| SHOPLISTING ring "Ohegastru" {rC+ Str+4 Int+6}
                  | (876 gold, have 122).
 23003 | Orc:2    | 23003 ||| SHOPLISTING ring of ice (375 gold, have 122).
 23003 | Orc:2    | 23003 ||| SHOPLISTING ring of protection from fire (375
                  | gold, have 122).
 23083 | Orc:2    | Found a transporter.
 23155 | Orc:2    | 23155 ||| INVOKING Heroism.
 23161 | Orc:2    | Found Viohycal's Magic Scroll Shop.
 23168 | Orc:2    | Found Gietob's General Store.
 23306 | Orc:2    | 23306 ||| BUYING scroll of enchant armour (97 gold).
 23306 | Orc:2    | Bought a scroll of enchant armour for 97 gold pieces
 23306 | Orc:2    | 23306 ||| BUYING scroll of enchant armour (97 gold).
 23306 | Orc:2    | Bought a scroll of enchant armour for 97 gold pieces
 23306 | Orc:2    | 23306 ||| READING 2 scrolls of enchant armour.
 23306 | Orc:2    | 23306 ||| ENCHANTING +1 pair of gloves.
 23309 | Orc:2    | 23309 ||| SHOPLISTING potion of lignification (42 gold,
                  | have 12).
 23309 | Orc:2    | 23309 ||| SHOPLISTING scroll of enchant armour (105 gold,
                  | have 12).
 23309 | Orc:2    | 23309 ||| SHOPLISTING scroll of teleportation (42 gold,
                  | have 12).
 23435 | Orc:2    | 23435 ||| INVOKING Heroism.
 23450 | Orc:2    | 23450 ||| Stepping ~*~*~tactically~*~*~ (hiding).
 23470 | Orc:2    | Received a gift from Okawaru
 23527 | Orc:2    | 23527 ||| Stepping ~*~*~tactically~*~*~ (hiding).
 23539 | Orc:2    | 23539 ||| INVOKING Heroism.
 23586 | Orc:2    | 23586 ||| Stepping ~*~*~tactically~*~*~ (hiding).
 23587 | Orc:2    | 23587 ||| INVOKING Heroism.
 23620 | Orc:2    | 23620 ||| INVOKING Heroism.
 23667 | Orc:2    | 23667 ||| Stepping ~*~*~tactically~*~*~ (stealth).
 23692 | Orc:2    | Found Wogioqis's Book Emporium.
 23692 | Orc:2    | Found Herphoskag's Antique Weapon Shoppe.
 23693 | Orc:2    | 23693 ||| Stepping ~*~*~tactically~*~*~ (stealth).
 23695 | Orc:2    | 23695 ||| INVOKING Heroism.
 23711 | Orc:2    | Found a one-way gate leading to the halls of Pandemonium.
 23715 | Orc:2    | 23715 ||| SHOPLISTING glowing broad axe (224 gold, have
                  | 12).
 23777 | Orc:2    | 23777 ||| PLANNING SHOALS:1-3
 23777 | Orc:2    | 23777 ||| DROPPING +0 plate armour.
 23778 | Orc:2    | 23778 ||| UPGRADING to +2 plate armour of fire resistance.
 23788 | Orc:2    | 23788 ||| DROPPING +2 chain mail of fire resistance.
 23789 | Orc:2    | 23789 ||| READING scroll of enchant armour.
 23789 | Orc:2    | 23789 ||| ENCHANTING +2 plate armour of fire resistance.
 23790 | Orc:2    | 23790 ||| DROPPING ring of positive energy.
 23944 | Shoals:1 | Entered Level 1 of the Shoals
 23952 | Shoals:1 | Reached skill level 15 in Shields
 23979 | Shoals:1 | Received a gift from Okawaru
 24128 | Shoals:1 | 24128 ||| INVOKING Heroism.
 24149 | Shoals:1 | Noticed Mlioglotl
 24150 | Shoals:1 | 24150 ||| INVOKING Finesse.
 24162 | Shoals:1 | Paralysed by accursed screaming for 1 turns
 24163 | Shoals:1 | Noticed a profane servitor
 24163 | Shoals:1 | HP: 19/104 [large abomination[Mlioglotl] (8)]
 24164 | Shoals:1 | 24164 ||| READING 12 scrolls of teleportation.
 24165 | Shoals:1 | 24165 ||| DRINKING 7 potions of heal wounds.
 24169 | Shoals:1 | Paralysed by accursed screaming for 1 turns
 24170 | Shoals:1 | HP: 22/104 [starcursed mass/accursed screaming[Mlioglotl]
                  | (12)]
 24170 | Shoals:1 | HP: 10/104 [Mlioglotl (5)]
 24171 | Shoals:1 | 24171 ||| DRINKING 6 potions of heal wounds.
 24173 | Shoals:1 | 24173 ||| READING 11 scrolls of teleportation.
 24174 | Shoals:1 | 24174 ||| DRINKING 5 potions of heal wounds.
 24175 | Shoals:1 | 24175 ||| DRINKING 4 potions of heal wounds.
 24175 | Shoals:1 | Paralysed by accursed screaming for 1 turns
 24176 | Shoals:1 | Noticed a tentacled starspawn
 24181 | Shoals:1 | Noticed a kraken
 24186 | Shoals:1 | HP: 21/104 [tentacle[a kraken] (8)]
 24187 | Shoals:1 | 24187 ||| READING 10 scrolls of teleportation.
 24188 | Shoals:1 | 24188 ||| DRINKING 3 potions of heal wounds.
 24192 | Shoals:1 | Killed a kraken
 24210 | Shoals:1 | 24210 ||| INVOKING Heroism.
 24211 | Shoals:1 | 24211 ||| INVOKING Finesse.
 24214 | Shoals:1 | Killed Mlioglotl
 24393 | Shoals:1 | Identified the +2 pair of boots of Fortification {rElec
                  | rPois SInv}
 24445 | Shoals:1 | 24445 ||| Stepping ~*~*~tactically~*~*~ (stealth).
 24753 | Shoals:1 | Received a gift from Okawaru
 24788 | Shoals:1 | 24788 ||| INVOKING Heroism.
 24912 | Shoals:1 | 24912 ||| INVOKING Heroism.
 24913 | Shoals:1 | 24913 ||| INVOKING Finesse.
 25378 | Shoals:2 | 25378 ||| READING scroll of enchant weapon.
 25378 | Shoals:2 | 25378 ||| ENCHANTING +2 broad axe of flaming.
 25386 | Shoals:2 | 25386 ||| INVOKING Heroism.
 25386 | Shoals:2 | Noticed Ilsuiw
 25391 | Shoals:2 | 25391 ||| INVOKING Finesse.
 25419 | Shoals:2 | Killed Ilsuiw
 25436 | Shoals:2 | Reached XP level 17. HP: 65/108 MP: 20/24
 25576 | Shoals:2 | Noticed Polyphemus
 25577 | Shoals:2 | 25577 ||| INVOKING Heroism.
 25587 | Shoals:2 | Received a gift from Okawaru
 25613 | Shoals:2 | Killed Polyphemus
 25766 | Shoals:2 | 25766 ||| READING scroll of enchant armour.
 25766 | Shoals:2 | 25766 ||| ENCHANTING +3 plate armour of fire resistance.
 25933 | Shoals:2 | 25933 ||| INVOKING Heroism.
 25975 | Shoals:2 | Found Haot's Assorted Antiques.
 25978 | Shoals:2 | 25978 ||| SHOPLISTING bronze ring (175 gold, have 170).
 25978 | Shoals:2 | 25978 ||| SHOPLISTING potion of haste (350 gold, have 170).
 25978 | Shoals:2 | 25978 ||| SHOPLISTING potion of heal wounds (175 gold, have
                  | 170).
 25978 | Shoals:2 | 25978 ||| BUYING scroll of teleportation (105 gold).
 25978 | Shoals:2 | Bought a scroll of teleportation for 105 gold pieces
 26414 | Shoals:3 | 26414 ||| INVOKING Heroism.
 26589 | Shoals:3 | 26589 ||| Stepping ~*~*~tactically~*~*~ (hiding).
 26590 | Shoals:3 | 26590 ||| Stepping ~*~*~tactically~*~*~ (hiding).
 26607 | Shoals:3 | 26607 ||| INVOKING Heroism.
 26689 | Shoals:3 | Noticed Bai Suzhen
 26690 | Shoals:3 | 26690 ||| INVOKING Heroism.
 26691 | Shoals:3 | 26691 ||| INVOKING Finesse.
 26708 | Shoals:3 | Killed Bai Suzhen
 26709 | Shoals:3 | 26709 ||| Stepping ~*~*~tactically~*~*~ (cloud).
 26715 | Shoals:3 | 26715 ||| Stepping ~*~*~tactically~*~*~ (stealth).
 26725 | Shoals:3 | 26725 ||| Stepping ~*~*~tactically~*~*~ (stealth).
 26726 | Shoals:3 | 26726 ||| Stepping ~*~*~tactically~*~*~ (stealth).
 26727 | Shoals:3 | 26727 ||| Stepping ~*~*~tactically~*~*~ (stealth).
 26855 | Shoals:3 | 26855 ||| INVOKING Heroism.
 27042 | Shoals:3 | 27042 ||| INVOKING Heroism.
 27585 | Shoals:3 | 27585 ||| PLANNING SNAKE:1-3
 27727 | Snake:1  | Entered Level 1 of the Snake Pit
 27727 | Snake:1  | Noticed Rupert
 27728 | Snake:1  | 27728 ||| INVOKING Heroism.
 27729 | Snake:1  | 27729 ||| INVOKING Finesse.
 27745 | Snake:1  | Killed Rupert
 27814 | Snake:1  | Noticed Nikola
 27815 | Snake:1  | 27815 ||| FLEEEEING.
 27819 | Snake:1  | 27819 ||| FLEEEEING.
 27820 | Snake:1  | 27820 ||| FLEEEEING.
 27821 | Snake:1  | 27821 ||| FLEEEEING.
 27822 | Snake:1  | 27822 ||| FLEEEEING.
 27823 | Snake:1  | 27823 ||| FLEEEEING.
 27824 | Snake:1  | 27824 ||| FLEEEEING.
 27825 | Snake:1  | 27825 ||| FLEEEEING.
 27826 | Snake:1  | 27826 ||| FLEEEEING.
 27827 | Snake:1  | 27827 ||| FLEEEEING.
 27828 | Snake:1  | 27828 ||| Stepping ~*~*~tactically~*~*~ (hiding).
 27829 | Snake:1  | 27829 ||| Stepping ~*~*~tactically~*~*~ (hiding).
 27830 | Snake:1  | 27830 ||| Stepping ~*~*~tactically~*~*~ (hiding).
 27832 | Snake:1  | 27832 ||| Stepping ~*~*~tactically~*~*~ (hiding).
 27836 | Snake:1  | 27836 ||| INVOKING Heroism.
 27837 | Snake:1  | 27837 ||| INVOKING Finesse.
 27847 | Snake:1  | Killed Nikola
 27955 | Snake:1  | Found a transporter.
 27965 | Snake:1  | Identified the +2 barding of Chimes {rC+ Will+}
 27969 | Snake:1  | Found a transporter.
 27990 | Snake:1  | 27990 ||| Stepping ~*~*~tactically~*~*~ (stealth).
 28007 | Snake:1  | 28007 ||| Stepping ~*~*~tactically~*~*~ (hiding).
 28008 | Snake:1  | 28008 ||| Stepping ~*~*~tactically~*~*~ (hiding).
 28015 | Snake:1  | Received a gift from Okawaru
 28016 | Snake:1  | 28016 ||| Stepping ~*~*~tactically~*~*~ (hiding).
 28019 | Snake:1  | 28019 ||| Stepping ~*~*~tactically~*~*~ (hiding).
 28020 | Snake:1  | 28020 ||| Stepping ~*~*~tactically~*~*~ (hiding).
 28021 | Snake:1  | 28021 ||| Stepping ~*~*~tactically~*~*~ (hiding).
 28124 | Snake:1  | 28124 ||| READING scroll of enchant armour.
 28124 | Snake:1  | 28124 ||| ENCHANTING +4 plate armour of fire resistance.
 28318 | Snake:1  | Noticed Aizul
 28319 | Snake:1  | 28319 ||| INVOKING Heroism.
 28320 | Snake:1  | 28320 ||| INVOKING Finesse.
 28330 | Snake:1  | Killed Aizul
 28637 | Snake:1  | 28637 ||| Stepping ~*~*~tactically~*~*~ (hiding).
 28766 | Snake:1  | 28766 ||| Stepping ~*~*~tactically~*~*~ (hiding).
 28767 | Snake:1  | 28767 ||| Stepping ~*~*~tactically~*~*~ (hiding).
 29046 | Snake:1  | 29046 ||| DROPPING +1 cloak.
 29047 | Snake:1  | 29047 ||| DROPPING ring "Juquogri" {rPois rN+ Str+3 Dex-2}.
 29048 | Snake:1  | 29048 ||| DROPPING ring of willpower.
 29049 | Snake:1  | 29049 ||| READING scroll labelled MOUQUB ENNAUG.
 29115 | Snake:2  | Reached skill level 18 in Axes
 29120 | Snake:2  | Received a gift from Okawaru
 29130 | Snake:2  | 29130 ||| INVOKING Heroism.
 29225 | Snake:2  | 29225 ||| DROPPING +0 mace.
 29246 | Snake:2  | 29246 ||| Stepping ~*~*~tactically~*~*~ (stealth).
 29292 | Snake:2  | 29292 ||| Stepping ~*~*~tactically~*~*~ (hiding).
 29293 | Snake:2  | 29293 ||| Stepping ~*~*~tactically~*~*~ (hiding).
 29297 | Snake:2  | 29297 ||| Stepping ~*~*~tactically~*~*~ (hiding).
 29300 | Snake:2  | 29300 ||| Stepping ~*~*~tactically~*~*~ (hiding).
 29301 | Snake:2  | 29301 ||| Stepping ~*~*~tactically~*~*~ (hiding).
 29302 | Snake:2  | 29302 ||| Stepping ~*~*~tactically~*~*~ (hiding).
 29308 | Snake:2  | 29308 ||| Stepping ~*~*~tactically~*~*~ (hiding).
 29308 | Snake:2  | Noticed Vashnia
 29309 | Snake:2  | 29309 ||| Stepping ~*~*~tactically~*~*~ (hiding).
 29316 | Snake:2  | 29316 ||| INVOKING Heroism.
 29337 | Snake:2  | 29337 ||| Stepping ~*~*~tactically~*~*~ (hiding).
 29390 | Snake:2  | 29390 ||| Stepping ~*~*~tactically~*~*~ (hiding).
 29392 | Snake:2  | 29392 ||| Stepping ~*~*~tactically~*~*~ (hiding).
 29398 | Snake:2  | 29398 ||| INVOKING Heroism.
 29419 | Snake:2  | 29419 ||| Stepping ~*~*~tactically~*~*~ (hiding).
 29421 | Snake:2  | 29421 ||| Stepping ~*~*~tactically~*~*~ (hiding).
 29441 | Snake:2  | 29441 ||| INVOKING Heroism.
 29446 | Snake:2  | Killed Vashnia
 29638 | Snake:2  | 29638 ||| Stepping ~*~*~tactically~*~*~ (hiding).
 29685 | Snake:2  | 29685 ||| READING scroll of enchant armour.
 29685 | Snake:2  | 29685 ||| ENCHANTING +5 plate armour of fire resistance.
 30037 | Snake:2  | 30037 ||| INVOKING Heroism.
 30613 | Snake:2  | 30613 ||| DROPPING +6 ring of intelligence.
 30629 | Snake:3  | 30629 ||| Stepping ~*~*~tactically~*~*~ (hiding).
 30647 | Snake:3  | Reached XP level 18. HP: 115/116 MP: 25/25
 30660 | Snake:3  | 30660 ||| DROPPING +0 flail.
 30677 | Snake:3  | 30677 ||| Stepping ~*~*~tactically~*~*~ (stealth).
 30684 | Snake:3  | Received a gift from Okawaru
 30688 | Snake:3  | 30688 ||| Stepping ~*~*~tactically~*~*~ (stealth).
 30866 | Snake:3  | 30866 ||| Stepping ~*~*~tactically~*~*~ (stealth).
 30867 | Snake:3  | 30867 ||| Stepping ~*~*~tactically~*~*~ (stealth).
 30868 | Snake:3  | 30868 ||| Stepping ~*~*~tactically~*~*~ (stealth).
 30869 | Snake:3  | 30869 ||| Stepping ~*~*~tactically~*~*~ (stealth).
 30884 | Snake:3  | 30884 ||| Stepping ~*~*~tactically~*~*~ (hiding).
 30887 | Snake:3  | 30887 ||| INVOKING Heroism.
 31020 | Snake:3  | 31020 ||| Stepping ~*~*~tactically~*~*~ (stealth).
 31021 | Snake:3  | 31021 ||| Stepping ~*~*~tactically~*~*~ (stealth).
 31022 | Snake:3  | 31022 ||| Stepping ~*~*~tactically~*~*~ (stealth).
 31028 | Snake:3  | 31028 ||| Stepping ~*~*~tactically~*~*~ (stealth).
 31035 | Snake:3  | 31035 ||| Stepping ~*~*~tactically~*~*~ (hiding).
 31060 | Snake:3  | 31060 ||| Stepping ~*~*~tactically~*~*~ (hiding).
 31061 | Snake:3  | 31061 ||| Stepping ~*~*~tactically~*~*~ (hiding).
 31082 | Snake:3  | Received a gift from Okawaru
 31100 | Snake:3  | 31100 ||| INVOKING Heroism.
 31242 | Snake:3  | Found Koussios's Weapon Shoppe.
 31242 | Snake:3  | Found Ziotriot's Book Emporium.
 31243 | Snake:3  | Found Funwil's Assorted Antiques.
 31245 | Snake:3  | Found Fyfuic's General Store.
 31248 | Snake:3  | 31248 ||| INVOKING Heroism.
 31269 | Snake:3  | 31269 ||| BUYING potion of might (60 gold).
 31269 | Snake:3  | Bought a potion of might for 60 gold pieces
 31275 | Snake:3  | 31275 ||| BUYING potion of curing (111 gold).
 31275 | Snake:3  | Bought a potion of curing for 111 gold pieces
 31275 | Snake:3  | 31275 ||| SHOPLISTING potion of mutation (296 gold, have
                  | 204).
 31333 | Snake:3  | Reached skill level 18 in Shields
 31936 | Snake:3  | 31936 ||| PLANNING SHOALS:4
 31993 | Snake:1  | Noticed Agnes
 31994 | Snake:1  | 31994 ||| INVOKING Heroism.
 31995 | Snake:1  | 31995 ||| INVOKING Finesse.
 32005 | Snake:1  | Killed Agnes
 32206 | Shoals:4 | Entered Level 4 of the Shoals
 32218 | Shoals:4 | 32218 ||| Stepping ~*~*~tactically~*~*~ (hiding).
 32220 | Shoals:4 | 32220 ||| Stepping ~*~*~tactically~*~*~ (hiding).
 32236 | Shoals:4 | 32236 ||| INVOKING Heroism.
 32236 | Shoals:4 | Paralysed by an air elemental for 1 turns
 32275 | Shoals:4 | Paralysed by an air elemental for 1 turns
 32279 | Shoals:4 | Received a gift from Okawaru
 32285 | Shoals:4 | 32285 ||| Stepping ~*~*~tactically~*~*~ (hiding).
 32289 | Shoals:4 | 32289 ||| INVOKING Heroism.
 32312 | Shoals:4 | 32312 ||| Stepping ~*~*~tactically~*~*~ (hiding).
 32313 | Shoals:4 | 32313 ||| Stepping ~*~*~tactically~*~*~ (hiding).
 32331 | Shoals:4 | 32331 ||| INVOKING Heroism.
 32403 | Shoals:4 | 32403 ||| Stepping ~*~*~tactically~*~*~ (hiding).
 32410 | Shoals:4 | 32410 ||| INVOKING Heroism.
 32423 | Shoals:4 | Reached skill level 15 in Fighting
 32556 | Shoals:4 | 32556 ||| Stepping ~*~*~tactically~*~*~ (hiding).
 32559 | Shoals:4 | 32559 ||| Stepping ~*~*~tactically~*~*~ (hiding).
 32560 | Shoals:4 | 32560 ||| INVOKING Heroism.
 32593 | Shoals:4 | 32593 ||| Stepping ~*~*~tactically~*~*~ (stealth).
 32599 | Shoals:4 | 32599 ||| Stepping ~*~*~tactically~*~*~ (stealth).
 32600 | Shoals:4 | 32600 ||| Stepping ~*~*~tactically~*~*~ (stealth).
 32621 | Shoals:4 | 32621 ||| INVOKING Heroism.
 32656 | Shoals:4 | 32656 ||| Stepping ~*~*~tactically~*~*~ (stealth).
 32663 | Shoals:4 | 32663 ||| Stepping ~*~*~tactically~*~*~ (stealth).
 32666 | Shoals:4 | 32666 ||| Stepping ~*~*~tactically~*~*~ (stealth).
 32696 | Shoals:4 | 32696 ||| INVOKING Heroism.
 32761 | Shoals:4 | 32761 ||| Stepping ~*~*~tactically~*~*~ (hiding).
 32762 | Shoals:4 | 32762 ||| Stepping ~*~*~tactically~*~*~ (hiding).
 32767 | Shoals:4 | Found the dreamshard necklace {*Dream Drain}
 32835 | Shoals:4 | 32835 ||| READING scroll of enchant weapon.
 32835 | Shoals:4 | 32835 ||| ENCHANTING +3 broad axe of venom.
 32840 | Shoals:4 | Got a barnacled rune of Zot
 33022 | Shoals:4 | Paralysed by an air elemental for 1 turns
 33024 | Shoals:4 | 33024 ||| INVOKING Heroism.
 33049 | Shoals:4 | 33049 ||| Stepping ~*~*~tactically~*~*~ (stealth).
 33051 | Shoals:4 | 33051 ||| Stepping ~*~*~tactically~*~*~ (stealth).
 33129 | Shoals:4 | 33129 ||| Stepping ~*~*~tactically~*~*~ (stealth).
 33205 | Shoals:4 | 33205 ||| INVOKING Heroism.
 33208 | Shoals:4 | 33208 ||| Stepping ~*~*~tactically~*~*~ (hiding).
 33320 | Shoals:4 | 33320 ||| INVOKING Heroism.
 33330 | Shoals:4 | Received a gift from Okawaru
 33331 | Shoals:4 | Paralysed by an air elemental for 1 turns
 33366 | Shoals:4 | Paralysed by an air elemental for 1 turns
 33380 | Shoals:4 | 33380 ||| INVOKING Heroism.
 33392 | Abyss:3  | Cast into level 3 of the Abyss (merfolk impaler)
 33422 | Abyss:3  | 33422 ||| Stepping ~*~*~tactically~*~*~ (stealth).
 33437 | Abyss:3  | 33437 ||| INVOKING Heroism.
 33470 | Abyss:3  | 33470 ||| INVOKING Heroism.
 33510 | Abyss:3  | 33510 ||| Stepping ~*~*~tactically~*~*~ (stealth).
 33606 | Abyss:3  | 33606 ||| INVOKING Heroism.
 33618 | Abyss:3  | HP: 23/119 [balrug/divine providence (12)]
 33619 | Abyss:3  | 33619 ||| READING 16 scrolls of teleportation.
 33620 | Abyss:3  | 33620 ||| DRINKING 3 potions of heal wounds.
 33631 | Abyss:3  | 33631 ||| DRINKING 11 potions of curing.
 33631 | Abyss:3  | 33631 ||| (to cure confusion)
 33643 | Abyss:3  | 33643 ||| Stepping ~*~*~tactically~*~*~ (stealth).
 33686 | Abyss:3  | 33686 ||| Stepping ~*~*~tactically~*~*~ (stealth).
 33687 | Abyss:3  | 33687 ||| INVOKING Heroism.
 33720 | Abyss:3  | 33720 ||| Stepping ~*~*~tactically~*~*~ (stealth).
 33722 | Abyss:3  | 33722 ||| Stepping ~*~*~tactically~*~*~ (stealth).
 33723 | Abyss:3  | 33723 ||| Stepping ~*~*~tactically~*~*~ (stealth).
 33728 | Abyss:3  | 33728 ||| Stepping ~*~*~tactically~*~*~ (stealth).
 33729 | Abyss:3  | 33729 ||| Stepping ~*~*~tactically~*~*~ (stealth).
 33730 | Abyss:3  | 33730 ||| Stepping ~*~*~tactically~*~*~ (stealth).
 33787 | Abyss:3  | 33787 ||| Stepping ~*~*~tactically~*~*~ (stealth).
 33788 | Abyss:3  | 33788 ||| Stepping ~*~*~tactically~*~*~ (stealth).
 33789 | Abyss:3  | 33789 ||| Stepping ~*~*~tactically~*~*~ (stealth).
 33809 | Abyss:3  | 33809 ||| Stepping ~*~*~tactically~*~*~ (stealth).
 33819 | Abyss:3  | 33819 ||| Stepping ~*~*~tactically~*~*~ (stealth).
 33828 | Abyss:3  | 33828 ||| Stepping ~*~*~tactically~*~*~ (stealth).
 33831 | Abyss:3  | 33831 ||| Stepping ~*~*~tactically~*~*~ (hiding).
 33834 | Abyss:3  | 33834 ||| Stepping ~*~*~tactically~*~*~ (hiding).
 33835 | Abyss:3  | 33835 ||| Stepping ~*~*~tactically~*~*~ (hiding).
 33836 | Abyss:3  | 33836 ||| Stepping ~*~*~tactically~*~*~ (hiding).
 33851 | Abyss:3  | 33851 ||| Stepping ~*~*~tactically~*~*~ (stealth).
 33854 | Abyss:3  | 33854 ||| Stepping ~*~*~tactically~*~*~ (stealth).
 33856 | Abyss:3  | 33856 ||| Stepping ~*~*~tactically~*~*~ (hiding).
 33857 | Abyss:3  | 33857 ||| Stepping ~*~*~tactically~*~*~ (hiding).
 33858 | Abyss:3  | 33858 ||| Stepping ~*~*~tactically~*~*~ (hiding).
 33938 | Abyss:3  | 33938 ||| INVOKING Heroism.
 33959 | Abyss:3  | HP: 8/83 [large abomination (19)]
 33961 | Abyss:3  | Demolished by a rakshasa (illusionary)

Levels and vault maps discovered:
D:1:      spicycebolla_arrival_risky_transporter, layout_loops_corners,
          dreamdust_princess_bridge, minmay_pentomino_p4
D:2:      layout_loops_corners, dreamdust_ecumenical_altar_grove,
          hangedman_feature_mirror
D:3:      layout_basic, minmay_door_square, dreamdust_mushroom_princess,
          uniq_robin, uniq_jessica
D:4:      layout_basic, kiku_gazebo_pond_becter, gup_sewer_entry_glass
D:5:      layout_cave_pods, serial_column_ruins, column_ruins_square_medium,
          column_ruins_hut_pillars, column_ruins_grid_4, column_ruins_grid_1,
          column_ruins_grid_3, column_ruins_open_tiny,
          column_ruins_corridor_straight
D:6:      layout_layer_cave, serial_bayou_pond_a
D:7:      minmay_evil_eye, layout_basic, minmay_temple_entry_from_below_a,
          minmay_stone_trees_large, minmay_misc_feat_hallway
D:8:      layout_cave_pools, minivault_25
D:9:      layout_loops_cross, david_orc_3, roderic_serpentine_path
D:10:     cheibrodos_statue_roulette, layout_basic, enter_bailey_3,
          hangedman_decor_clover_reticule
D:11:     layout_rooms, lair_entry_dummy
D:12:     layout_long_grid, uniq_frances, uniq_maurice
D:13:     layout_loops_cross, david_defended_altar_orc
D:14:     layout_basic, erik_vaults_2, nicolae_burly_brawl
D:15:     grunt_enter_depths_snipers, layout_basic, minmay_misc_feat_nine_boxes,
          einodemon_crawler_minivault, uniq_kirke
Temple:   minmay_crystal_snake_temple
Lair:1:   layout_loops_ring
Lair:2:   wad_woods_04, layout_loops_ring, nicolae_snake_entry_squirm,
          serial_bayou_shore_a
Lair:3:   layout_misc_corridors, shoals_dummy_entry, serial_bayou_shore_b
Lair:4:   layout_cave_shapes, grunt_megastairs_1
Lair:5:   evilmike_catoblepas_cave, layout_regular_city,
          dpeg_slime_entry_enclosed, lemuel_oklob_altar, grunt_megastairs_3,
          infiniplex_staircase_pool
Shoals:1: layout_shoals, uniq_mlioglotl
Shoals:2: layout_shoals, serial_shops, nicolae_shop_tiny_real_fake_doors,
          centaur_isle, uniq_ilsuiw, uniq_polyphemus
Shoals:3: layout_shoals, uniq_bai_suzhen
Shoals:4: shoals_end_hellmonk_storm_palace [storm_palace_center_circular,
          storm_palace_corner_narrow, storm_palace_corner_narrow,
          storm_palace_corner_pillars, storm_palace_corner_grid], serial_shops
Snake:1:  gammafunk_sealed_arena, layout_layer_cave, lemuel_fruit_tree,
          uniq_agnes, uniq_aizul, uniq_rupert, uniq_nikola
Snake:2:  layout_layer_cave, uniq_vashnia
Snake:3:  layout_honeycomb, minmay_shoptagon
Orc:1:    layout_diamond_mine, amcnicky_altar_lugonu_corruption, uniq_sonja
Orc:2:    pf_orc_diabolical, layout_caves, serial_shops, nicolae_shop_drivethru,
          nicolae_shop_trees, shop, shop, nicolae_shop_hallway_plus, basic_altar
Abyss:3:  base: D:5, hangedman_abyss_feature_spike

Skill      XL: |  1  2  3  4  5  6  7  8  9 10 11 12 13 14 15 16 17 18 |
---------------+-------------------------------------------------------+-----
Axes           | 2 3 4 5 6 7 8 10 11 12 14 16 18 | 18.0
Fighting       | 4 5 6 7 8 9 10 11 12 13 15 | 15.0
Dodging        | 1 2 3 4 |  4.0
Throwing       | 1 2 3 4 5 6 8 |  8.0
Armour         | 4 6 7 9 10 11 12 14 | 14.0
Shields        | 4 5 6 7 8 12 17 18 | 18.3
Invocations    | 4 5 9 10 | 10.0

Action                     |  1- 3 |  4- 6 |  7- 9 | 10-12 | 13-15 | 16-18 || total
---------------------------+-------+-------+-------+-------+-------+-------++-------
  Melee: War axe           |   115 |   197 |   291 |   533 |   484 |       ||  1620
         Hand axe          |       |       |       |       |    12 |       ||    12
         Broad axe         |       |       |       |       |   264 |  1660 ||  1924
         Unarmed           |       |       |       |       |     7 |       ||     7
  Throw: Boomerang         |       |       |    21 |    41 |    14 |     5 ||    81
         Javelin           |       |       |       |    35 |   115 |    80 ||   230
 Invoke: Heroism           |       |       |       |    27 |    28 |    49 ||   104
         Finesse           |       |       |       |       |     7 |    11 ||    18
    Use: Scroll            |     2 |    14 |     2 |     9 |     3 |    13 ||    43
         Potion            |     1 |     1 |     2 |     2 |     1 |     7 ||    14
   Stab: Petrified         |       |       |       |       |     3 |     4 ||     7
         Distracted        |       |       |       |       |       |     1 ||     1
 Armour: Scale mail        |    56 |   135 |    55 |       |       |       ||   246
         Chain mail        |       |       |   146 |   211 |   128 |    60 ||   545
         Plate armour      |       |       |       |   138 |   292 |   395 ||   825
  Dodge: Dodged            |    42 |    94 |   138 |   267 |   365 |   484 ||  1390
         Repelled          |       |       |       |       |    14 |    31 ||    45
  Block: Buckler           |    20 |    26 |    66 |   125 |   139 |       ||   376
         Tower shield      |       |       |       |       |   203 |  1377 ||  1580

Table legend:
 A = Non-vault XP
 B = Vault XP
 C = Vault XP percentage of total XP
 D = Non-vault monster count
 E = Vault monster count
 F = Vault count percentage of total count
                 A         B        C        D         E       F
            +---------+---------+-------+---------+---------+-------
      Total |  211908 |   97303 |  31.5 |     797 |     254 |  24.2
            +---------+---------+-------+---------+---------+-------
        D:1 |      29 |       6 |  17.1 |      16 |       4 |  20.0
        D:2 |      48 |       8 |  14.3 |      15 |       4 |  21.1
        D:3 |      96 |      72 |  42.9 |      23 |      12 |  34.3
        D:4 |     385 |      43 |  10.0 |      21 |       5 |  19.2
        D:5 |    1078 |       0 |   0.0 |      25 |       0 |   0.0
        D:6 |    1258 |       0 |   0.0 |      19 |       0 |   0.0
        D:7 |    1575 |     256 |  14.0 |      17 |       3 |  15.0
        D:8 |    1650 |       0 |   0.0 |      33 |       0 |   0.0
        D:9 |    1368 |     458 |  25.1 |      15 |       6 |  28.6
       D:10 |    3339 |    2048 |  38.0 |      16 |       9 |  36.0
       D:11 |    2773 |       0 |   0.0 |      23 |       0 |   0.0
       D:12 |    4688 |    2048 |  30.4 |      34 |       2 |   5.6
       D:13 |    6085 |     123 |   2.0 |      11 |       3 |  21.4
       D:14 |    3252 |    9383 |  74.3 |      15 |      11 |  42.3
       D:15 |   15920 |    8635 |  35.2 |      21 |      17 |  44.7
     Lair:1 |    8247 |       0 |   0.0 |      39 |       0 |   0.0
     Lair:2 |   10870 |     492 |   4.3 |      32 |       3 |   8.6
     Lair:3 |    8306 |       0 |   0.0 |      20 |       0 |   0.0
     Lair:4 |    6546 |    1473 |  18.4 |      28 |       6 |  17.6
     Lair:5 |   16403 |   11093 |  40.3 |      51 |      26 |  33.8
   Shoals:1 |   18242 |    1734 |   8.7 |      34 |       1 |   2.9
   Shoals:2 |    7999 |    7988 |  50.0 |      17 |      15 |  46.9
   Shoals:3 |   20480 |    2987 |  12.7 |      44 |       1 |   2.2
   Shoals:4 |    9410 |   18579 |  66.4 |      21 |      39 |  65.0
    Snake:1 |    6687 |    6869 |  50.7 |      15 |       4 |  21.1
    Snake:2 |    8764 |    6747 |  43.5 |      17 |       6 |  26.1
    Snake:3 |   24104 |       0 |   0.0 |      47 |       0 |   0.0
      Orc:1 |    2427 |     776 |  24.2 |      39 |       1 |   2.5
      Orc:2 |    6718 |   15403 |  69.6 |      54 |      58 |  51.8
    Abyss:3 |   13161 |       0 |   0.0 |      35 |       0 |   0.0
      Sewer |       0 |      82 | 100.0 |       0 |      18 | 100.0
            +---------+---------+-------+---------+---------+-------
